 Dungeon Crawl Stone Soup version 0.19.1-1-g22dce08 (webtiles) character file.

270 Jynx the Firebug (level 6, -3/32 HPs)
             Began as a Deep Elf Fire Elementalist on Jan 7, 2017.
             Was an Initiate of Vehumet.
             Slain by an ogre
             ... wielding a +0 giant club
              (24 damage)
             ... on level 5 of the Dungeon.
             The game lasted 00:09:20 (5238 turns).

Jynx the Firebug (Deep Elf Fire Elementalist)       Turns: 5238, Time: 00:09:22

Health: -3/32      AC:  5    Str:  5    XL:     6   Next: 1%
Magic:  3/14       EV: 13    Int: 22    God:    Vehumet [......]
Gold:   180        SH:  0    Dex: 15    Spells: 3 memorised, 6 levels left

rFire  . . .     SeeInvis .     p - +0 dagger (venom)
rCold  . . .     Gourm    .     a - +1 robe
rNeg   . . .     Faith    .     (no shield)
rPois  .         Spirit   .     q - +0 helmet
rElec  .         Reflect  .     (no cloak)
rCorr  .         Harm     .     v - +0 pair of gloves
MR     .....                    (no boots)
Stlth  ++........               (no amulet)
                                (no ring)
                                (no ring)

@: very slightly contaminated
A: no striking features
a: Renounce Religion


You were on level 5 of the Dungeon.
You worshipped Vehumet.
Vehumet was noncommittal.
You were hungry.

You visited 2 branches of the dungeon, and saw 6 of its levels.
You also visited: Sewer.

You collected 180 gold pieces.

Inventory:

Hand Weapons
 f - a +1 vampiric short sword
 p - a +0 dagger of venom (weapon)
Armour
 a - a +1 robe (worn)
 q - a +0 helmet (worn)
 v - a +0 pair of gloves (worn)
Wands
 B - a wand of flame (28/48)
Scrolls
 d - 3 scrolls of immolation {unknown}
 l - 2 scrolls of recharging {unknown}
 n - 3 scrolls of blinking {unknown}
 o - a scroll of remove curse {unknown}
 r - 4 scrolls of identify {unknown}
 s - 3 scrolls of teleportation {unknown}
 w - a scroll of enchant armour
 A - a scroll of fog {unknown}
Potions
 e - 3 potions of heal wounds {unknown}
 g - 2 potions of curing {unknown}
 h - 3 potions of degeneration {unknown}
 j - 2 potions of brilliance {unknown}
 t - a potion of might {unknown}
 u - 2 potions of flight
 x - a potion of haste {unknown}
Books
 b - a book of Flames

   Spells                             Type                      Level
   a - Flame Tongue                   Conjuration/Fire             1
   b - Throw Flame                    Conjuration/Fire             2
   c - Conjure Flame                  Conjuration/Fire             3
   d - Inner Flame                    Hexes/Fire                   3
   e - Sticky Flame                   Conjuration/Fire             4
   f - Fireball                       Conjuration/Fire             5
 y - a book of Misfortune

   Spells                             Type                      Level
   a - Confusing Touch                Hexes                        1
   b - Confuse                        Hexes                        3
   c - Gell's Gravitas                Hexes/Translocation          3
   d - Petrify                        Transmutation/Earth          4
   e - Metabolic Englaciation         Hexes/Ice                    5
   f - Yara's Violent Unravelling     Hexes/Transmutation          5
Comestibles
 c - 2 bread rations
 i - 2 meat rations
 k - a royal jelly
 m - a slice of pizza
 z - a beef jerky


   Skills:
 - Level 2.4 Dodging
 - Level 2.4 Stealth
 + Level 4.5 Spellcasting
 + Level 2.8 Conjurations
 * Level 6.2 Fire Magic


You had 6 spell levels left.
You knew the following spells:

 Your Spells              Type           Power        Failure   Level  Hunger
a - Flame Tongue          Conj/Fire      ###..        1%          1    None
b - Conjure Flame         Conj/Fire      ###.....     6%          3    ##.....
c - Sticky Flame          Conj/Fire      ###.....     17%         4    ####...


Dungeon Overview and Level Annotations

Branches:
Dungeon (5/15)             Temple (1/1) D:4

Altars:
Ashenzari
Dithmenos
Fedhas
Gozag
Kikubaaqudgha
Makhleb
Ru
Sif Muna
Trog
Uskayaw
Vehumet
Xom
Yredelemnul
Zin
The Shining One


Message History

Aiming: Sticky Flame
Press: ? - help, Shift-Dir - straight line, f/p - ogre
Aim: an ogre, wielding a giant club (heavily wounded)
You miscast Sticky Flame.
You are very lightly contaminated with residual magic.
You smell smoke.
The ogre hits you with a giant club!
A jelly comes into view.
Casting: Sticky Flame
Confirm with . or Enter, or press ? or * to list all spells.
Aiming: Sticky Flame
Press: ? - help, Shift-Dir - straight line, f/p - ogre
Aim: an ogre, wielding a giant club (heavily wounded)
The sticky flame hits the ogre.
The ogre is severely wounded.
The ogre is covered in liquid flames!
The jelly quivers.
You are feeling hungry.
The ogre burns!
The ogre hits you with a giant club!!
Ouch! That really hurt!
You die...

##≈≈≈≈≈###........
#≈≈≈≈≈≈≈##...####.
#≈≈...≈≈##......##
#≈≈._...'.........
#≈≈...≈≈##........
#≈≈≈≈≈≈≈##........
##≈≈≈≈≈###........
#######..........
......O@.?.......
.................
.J...............
....###..########
#.. #### .. .


You could see an ogre (burning) and a jelly.

Vanquished Creatures
  A scorpion (D:4)
  A hound (D:4)
  4 adders
  A river rat (D:3)
  4 oozes
  7 worms
  5 dart slugs
  8 leopard geckos
  8 orcs
  2 ball pythons
  10 bats
  3 giant cockroaches
  3 hobgoblins
  4 jackals (Sewer)
  2 quokkas
  8 frilled lizards
  6 goblins
  2 kobolds
  11 rats
90 creatures vanquished.

Notes
Turn   | Place    | Note
-------+----------+-------------------------------------------
     0 | D:1      | Jynx the Deep Elf Fire Elementalist began the quest for the Orb.
     0 | D:1      | Reached XP level 1. HP: 10/10 MP: 6/6
   274 | D:1      | Reached XP level 2. HP: 15/15 MP: 5/8
   759 | D:1      | Reached skill level 4 in Fire Magic
  1431 | D:2      | Reached XP level 3. HP: 19/19 MP: 4/9
  1558 | D:2      | Found a blossoming altar of Fedhas.
  2417 | D:3      | Found a faded altar of an unknown god.
  2479 | D:3      | Reached XP level 4. HP: 24/24 MP: 9/11
  2556 | D:3      | Found a glowing drain.
  2567 | D:3      | Reached skill level 5 in Fire Magic
  2575 | Sewer    | Entered a sewer
  3613 | D:3      | Reached XP level 5. HP: 28/28 MP: 10/13
  3679 | D:3      | Found a basalt altar of Yredelemnul.
  3704 | D:3      | Found a shattered altar of Ashenzari.
  4191 | D:4      | Found a glowing silver altar of Zin.
  4326 | D:4      | Learned a level 3 spell: Conjure Flame
  4331 | D:4      | Learned a level 4 spell: Sticky Flame
  4578 | D:4      | Reached skill level 6 in Fire Magic
  4733 | D:4      | Found a shadowy altar of Dithmenos.
  4789 | D:4      | Found a staircase to the Ecumenical Temple.
  4798 | Temple   | Entered the Ecumenical Temple
  4832 | Temple   | Became a worshipper of Vehumet
  4927 | D:4      | Reached XP level 6. HP: 32/32 MP: 9/14
  5214 | D:5      | Entered Level 5 of the Dungeon
  5222 | D:5      | Found a deep blue altar of Sif Muna.
  5238 | D:5      | Slain by an ogre

Skill      XL: |  1  2  3  4  5 |
---------------+----------------+-----
Fire Magic     | 4 5 6 |  6.2
Conjurations   | 2 |  2.8
Spellcasting   | 4 |  4.5
Dodging        | |  2.4
Stealth        | |  2.4

Action                   |  1- 3 |  4- 6 || total
-------------------------+-------+-------++-------
Melee: Dagger            |       |     6 ||     6
 Cast: Flame Tongue      |    88 |   109 ||   197
       Sticky Flame      |       |     1 ||     1
  Use: Scroll            |     3 |       ||     3
       Potion            |       |     1 ||     1
  Eat: Chunk             |     5 |     8 ||    13
Armor: Robe              |     6 |     8 ||    14
Dodge: Dodged            |    22 |    30 ||    52
